 Dungeon Crawl Stone Soup version 0.30.1 (webtiles) character file.

Game seed: 9943613869489694231

1202 Kranky the Poker (level 8, -5/106 HPs)
             Began as a Minotaur Berserker on July 5, 2023.
             Was a Priest of Trog.
             Slain by an orc
             ... wielding a +0 flail
              (7 damage)
             ... on level 5 of the Dungeon.
             The game lasted 00:06:36 (3832 turns).

Kranky the Poker (Minotaur Berserker)               Turns: 3832, Time: 00:06:37

Health: -5/106     AC:  8    Str: 24    XL:     8   Next: 21%
Magic:  7/7        EV: 13    Int:  4    God:    Trog [***...]
Gold:   205        SH:  5    Dex: 14    Spells: 7/7 levels left

rFire   . . .        w - +0 trident (flame)
rCold   . . .        j - +0 buckler
rNeg    . . .        y - +2 ring mail of Muttered Phrases {rPois Regen+ Dex+4}
rPois   +            (helmet restricted)
rElec   .            (no cloak)
rCorr   .            (no gloves)
SInv    .            (no boots)
Will    ++...        f - amulet of the acrobat Stlth
                     o - +4 ring of protection
HPRegen 2.17/turn    (no ring)
MPRegen 0.10/turn

%: acrobat
@: berserking, strong-willed, corroded, regenerating, very quick
A: horns 2, retaliatory headbutt
a: Renounce Religion, Berserk, Trog's Hand


You were on level 5 of the Dungeon.
You worshipped Trog.
Trog was most pleased with you.
You visited 1 branch of the dungeon, and saw 5 of its levels.

You collected 205 gold pieces.

Inventory:

Hand Weapons
 a - a +0 spear
 w - a +0 trident of flaming (weapon)
Armour
 b - a +0 animal skin
 e - a +0 plate armour
 j - a +0 buckler (worn)
 y - the +2 ring mail of Muttered Phrases (worn) {rPois Regen+ Dex+4}
   (You found it on level 4 of the Dungeon)

   Dex:       It affects your dexterity (+4).
   rPois:     It protects you from poison.
   Regen:     It increases your rate of health regeneration.
Jewellery
 f - an amulet of the acrobat (around neck)
 o - a +4 ring of protection (left hand)
 r - an amulet of magic regeneration
 x - a +6 ring of intelligence
Scrolls
 c - 2 scrolls of enchant armour {unknown}
 g - a scroll of fear {unknown}
 i - 2 scrolls of silence {unknown}
 l - a scroll of teleportation {unknown}
 m - 4 scrolls of identify {unknown}
 n - 2 scrolls of enchant weapon {unknown}
 p - 4 scrolls of noise {unknown}
 q - a scroll of vulnerability {unknown}
Potions
 d - 2 potions of heal wounds {unknown}
 h - 3 potions of attraction {unknown}
 k - 3 potions of cancellation {unknown}
 s - 2 potions of degeneration {unknown}
 t - a potion of haste {unknown}
 u - 2 potions of berserk rage {unknown}
 v - a potion of ambrosia {unknown}


   Skills:
 + Level 6.5 Fighting
 + Level 6.5 Polearms
 + Level 5.7 Armour
 + Level 5.2 Dodging
 + Level 4.7 Shields


You had 7 spell levels left.
You didn't know any spells.
Your spell library was empty.

Dungeon Overview and Level Annotations

Branches:
Dungeon (5/15)
 Temple: D:4-7

Altars:

Annotations:
D:5 Dowan


Innate Abilities, Weirdness & Mutations

You have a pair of horns on your head.
You reflexively headbutt those who attack you in melee.


Message History

You block Duvessa's attack.
An orc comes into view. It is wielding a +0 hand axe.
The orc warrior hits you with a +0 war axe!
* * * LOW HITPOINT WARNING * * *
You barely miss Duvessa. You headbutt Duvessa!
You kill Duvessa!
Trog accepts your kill.
You hear a distant wail of despair.
The orc priest hits you with a +0 mace.
* * * LOW HITPOINT WARNING * * *
The jelly completely misses you. You furiously retaliate!
You headbutt the jelly!
You kill the jelly!
Trog accepts your kill.
The orc warrior hits you but does no damage.
The orc zaps a wand.
The bolt of dispelling energy misses you.
You hit the orc priest but do no damage.
Dowan seems to find hidden reserves of power!
Unknown command.
You hit the orc priest. You burn the orc priest.
The orc priest is heavily wounded.
The orc priest closely misses you. The orc hits you but does no damage.
You puncture the orc priest! You burn the orc priest.
You feel the power of Trog in you as your rage grows.
You kill the orc priest!
Trog accepts your kill.
You hit the ogre. You burn the ogre. Your headbutt misses the ogre.
The ogre is moderately wounded.
The ogre hits you with a +0 giant club!
* * * LOW HITPOINT WARNING * * *
You block the orc's attack.
The orc warrior hits you with a +0 war axe.
* * * LOW HITPOINT WARNING * * *
You impale the ogre!! You burn the ogre.
You kill the ogre!
Trog accepts your kill. Dowan casts a spell at you. You block the stone arrow.
The orc misses you. The orc hits you with a +0 flail!
You die...

##### ##...##
#.....## #
#...!.. # ..
#..... .##
###.##...##...##
.......oo)e....#
.....o.o@#
###.##.o.# #####


You could see an orc warrior, Dowan (fast) and 4 orcs.

Vanquished Creatures
  Sigmund (D:3)
  Eustachio (D:4)
  Duvessa (D:5)
  An ice beast (D:5)
  2 ogres
  3 scorpions (D:4)
  2 orc priests
  2 jellies
  Jessica (D:3)
  An iguana (D:5)
  Ijyb (D:5)
  An orc wizard (D:4)
  Robin (D:4)
  8 gnolls
  3 adders
  2 worms
  4 dart slugs
  5 orcs
  6 bats
  6 endoplasms
  3 giant cockroaches
  16 goblins
  11 hobgoblins
  4 jackals (D:3)
  7 kobolds
  7 ball pythons
  2 frilled lizards
  4 rats
106 creatures vanquished.

Notes
Turn   | Place    | Note
-------+----------+-------------------------------------------
     0 | D:1      | Kranky the Minotaur Berserker began the quest for the Orb.
     0 | D:1      | Reached XP level 1. HP: 19/19 MP: 0/0
    65 | D:1      | Reached XP level 2. HP: 22/27 MP: 1/1
   905 | D:2      | You fall into a shaft and drop 1 floor!
   990 | D:3      | Reached XP level 3. HP: 33/33 MP: 2/2
  1434 | D:2      | Reached skill level 1 in Shields
  1513 | D:2      | Reached ** piety under Trog
  1531 | D:2      | Reached XP level 4. HP: 40/40 MP: 3/3
  2208 | D:3      | Found a faded altar of an unknown god.
  2209 | D:3      | Noticed Jessica
  2216 | D:3      | Killed Jessica
  2217 | D:3      | Reached XP level 5. HP: 46/47 MP: 4/4
  2669 | D:3      | Noticed Sigmund
  2692 | D:3      | Killed Sigmund
  2693 | D:3      | Reached skill level 5 in Fighting
  2693 | D:3      | Reached skill level 5 in Polearms
  2693 | D:3      | Reached XP level 6. HP: 56/56 MP: 5/5
  3189 | D:4      | Noticed Eustachio
  3228 | D:4      | Killed Eustachio
  3229 | D:4      | Reached XP level 7. HP: 44/61 MP: 6/6
  3310 | D:4      | Noticed Robin
  3327 | D:4      | Killed Robin
  3467 | D:4      | Identified the +2 leather armour of Moral Flaws {*Corrode
                  | rC+ Str+2}
  3499 | D:4      | Reached *** piety under Trog
  3635 | D:4      | Reached skill level 5 in Armour
  3640 | D:4      | Identified the +2 ring mail of Muttered Phrases {rPois
                  | Regen+ Dex+4}
  3788 | D:5      | Entered Level 5 of the Dungeon
  3797 | D:5      | Noticed Ijyb
  3806 | D:5      | Noticed Duvessa
  3807 | D:5      | Killed Ijyb
  3808 | D:5      | Noticed Dowan
  3824 | D:5      | Reached skill level 5 in Dodging
  3824 | D:5      | Reached XP level 8. HP: 26/71 MP: 7/7
  3827 | D:5      | Killed Duvessa
  3831 | D:5      | HP: 1/106 [orc warrior/+0 war axe (6)]
  3832 | D:5      | Slain by an orc

Illustrated notes

Levels and vault maps discovered:
D:1:      minmay_arrival_glassed_features, layout_loops_ring
D:2:      layout_basic
D:3:      layout_basic, shapermc_ecumenical_altar_totnotflames,
          dreamdust_princess_corridor, uniq_jessica, uniq_sigmund
D:4:      layout_cave_pools, uniq_robin, uniq_eustachio
D:5:      layout_loops_ring, grunt_qazlal_sundering,
          minmay_temple_entry_large_hall, serial_shops, shop, uniq_ijyb,
          uniq_duvessa, uniq_menkaure

Skill      XL: |  1  2  3  4  5  6  7 |
---------------+----------------------+-----
Fighting       | 4 5 6 |  6.5
Polearms       | 4 5 6 |  6.5
Armour         | 3 4 5 |  5.7
Shields        | 1 2 3 4 |  4.7
Dodging        | 3 4 5 |  5.2

Action                     |  1- 3 |  4- 6 |  7- 9 || total
---------------------------+-------+-------+-------++-------
  Melee: Spear             |   132 |   166 |    32 ||   330
         Headbutt          |    13 |    18 |    14 ||    45
         Trident           |       |       |    61 ||    61
 Invoke: Berserk           |       |     1 |     1 ||     2
         Trog's Hand       |       |       |     1 ||     1
 Armour: Animal skin       |     1 |       |       ||     1
         Plate armour      |    41 |    92 |    36 ||   169
         Ring mail         |       |       |    20 ||    20
  Dodge: Dodged            |    39 |    52 |    49 ||   140
  Block: Buckler           |     6 |    22 |    18 ||    46
